 Dungeon Crawl Stone Soup version 0.31-a0-940-gdaa99269f9 (webtiles) character file.

Game seed: 6250578388235491584

569 sampeng1 the Conjurer (level 7, 0/53 HPs)
             Began as a Human Reaver on Oct 21, 2023.
             Succumbed to a scorpion's poison
             ... on level 5 of the Dungeon.
             The game lasted 00:16:18 (4141 turns).

sampeng1 the Conjurer (Human Reaver)                Turns: 4141, Time: 00:16:19

Health: 0/53       AC:  7    Str: 15    XL:     7   Next: 60%
Magic:  21/21      EV: 11    Int: 13    God:
Gold:   289        SH:  5    Dex:  9    Spells: 11/12 levels left

rFire   . . .        a - +1 hand axe
rCold   . . .        (no shield)
rNeg    + . .        r - +0 ring mail
rPois   +            (no helmet)
rElec   .            q - +0 cloak
rCorr   .            (no gloves)
SInv    .            j - +0 pair of boots
Will    .....        f - amulet of reflection Stlth
                     d - ring of Mexzow {rN+ MP+9}
HPRegen 0.28/turn    x - ring of poison resistance
MPRegen 0.17/turn

%: random rage (3%), reflection
@: lethally poisoned (0 -> -1), on berserk cooldown, hasted and slowed
A: claws 1, berserk 1, clumsy 1
a: no special abilities


You were on level 5 of the Dungeon.
You visited 1 branch of the dungeon, and saw 5 of its levels.

You collected 289 gold pieces.

Inventory:

Hand Weapons
 a - a +1 hand axe (weapon)
 z - a +0 falchion of holy wrath
Missiles
 h - 12 boomerangs
Armour
 b - a +0 leather armour
 j - a +0 pair of boots (worn)
 q - a +0 cloak (worn)
 r - a +0 ring mail (worn)
Jewellery
 d - the ring of Mexzow (left claw) {rN+ MP+9}
   (You acquired it on level 1 of the Dungeon)

   [ring of magical power]

   rN+:       It protects you from negative energy.
   MP+9:      It affects your magic capacity (+9).
 f - an amulet of reflection (around neck)
 u - a ring of magical power
 x - a ring of poison resistance (right claw)
Talismans
 i - a storm talisman
 o - a flux talisman
Wands
 y - a wand of paralysis (3)
Scrolls
 g - a scroll of blinking
 m - 2 scrolls of teleportation
 t - a scroll of noise {unknown}
 v - 3 scrolls of identify
 w - 2 scrolls of enchant armour {unknown}
Potions
 c - a potion of lignification
 k - a potion of degeneration
 l - a potion of ambrosia
 p - a potion of resistance (quivered)
 s - a potion of haste


   Skills:
 + Level 3.8 Fighting
 + Level 4.3 Axes
 + Level 1.5 Armour
 + Level 3.8 Dodging
 + Level 3.4 Spellcasting
 + Level 4.3 Conjurations


You had 11 spell levels left.
You knew the following spells:

 Your Spells              Type           Power      Damage    Failure   Level
a - Kiss of Death         Conj/Necr      28%        2d7       17%         1

Your spell library contained the following spells:

 Spells                   Type           Power      Damage    Failure   Level
 Momentum Strike          Conj/Tloc      14%        3d8       26%         2
 Hailstorm                Conj/Ice       7%         3d4       45%         3
 Ensorcelled Hibernation  Hex/Ice        4%         N/A       54%         2
 Passwall                 Tmut/Erth      1%         N/A       54%         2
 Wereblood                Tmut           2%         N/A       54%         2
 Swiftness                Air            2%         N/A       77%         3
 Irradiate                Conj/Tmut      3%         3d12      99%         5


Dungeon Overview and Level Annotations

Branches:
Dungeon (5/15)
 Temple: D:4-7

Altars:


Innate Abilities, Weirdness & Mutations

You have sharp fingernails.
You sometimes lose your temper in combat.
You are clumsy. (Dex -2)


Message History

* * * LOW HITPOINT WARNING * * *
You are poisoned.
The scorpion poisons you!
The orc wizard hits you with a +0 dagger.
* * * LOW HITPOINT WARNING * * *
You slash the scorpion!
You kill the scorpion!
You barely miss the orc wizard.
* * * LOW HITPOINT WARNING * * *
You feel sick. You block the orc wizard's attack.
You slash the orc wizard!
The orc wizard is almost dead.
* * * LOW HITPOINT WARNING * * *
You feel sick.
The orc wizard hits you but does no damage.
You slash the orc wizard!
You kill the orc wizard!
* * * LOW HITPOINT WARNING * * *
You feel sick.
* * * LOW HITPOINT WARNING * * *
You feel sick.
Items here: ) [ ††.
Unknown command.
Okay, then.
You feel a strong urge to attack something.
Items here: ( )) [[.
Okay, then.
* * * LOW HITPOINT WARNING * * *
You feel sick.
Items here: ) [ ††.
You feel your anger nearly subside.
You are no longer berserk.
You are exhausted.
You feel yourself slow down.
* * * LOW HITPOINT WARNING * * *
You feel sick.
Things that are here:
a +0 mace; an orc corpse
There is a lethal amount of poison in your body!
There is a lethal amount of poison in your body!
You die...

###. ...# # #..# ...#
## #.#..# # . ... .
.#..##.# ## #. ... .
..... #. .# #.# #. #..#
#... #> .# #.# #.###).#
#..# #.
.#####.######...@).####
#..# #.
.......<.........)....#
#..## #. .......#
#######.####.# #...# #.
.#####.# #.# #.# #.#.#
##. .### #.# #.# #.#
#.#.###.. ...# #.# #.#
#.# #.#.##.#. ...# #.#
#.# #.# #.....##. ...#
#.# #.####.###........
.<.# #.#
#........#.....##.


There were no monsters in sight!

Vanquished Creatures
  Eustachio (D:5)
  2 scorpions
  An orc priest (D:5)
  A hound (D:4)
  An iguana (D:4)
  2 orc wizards (D:5)
  9 adders
  A dart slug (D:4)
  A worm (D:3)
  10 orcs
  8 endoplasms
  A giant cockroach (D:4)
  5 goblins
  4 hobgoblins
  2 quokkas
  12 ball pythons
  9 bats
  5 frilled lizards
  10 kobolds
  2 rats
87 creatures vanquished.

Notes
Turn   | Place    | Note
-------+----------+-------------------------------------------
     0 | D:1      | sampeng1 the Human Reaver began the quest for the Orb.
     0 | D:1      | Reached XP level 1. HP: 16/16 MP: 3/3
   432 | D:1      | Reached XP level 2. HP: 22/22 MP: 5/5
   914 | D:1      | Identified a scroll of acquirement
   914 | D:1      | Identified the "Kuzaiff" (You acquired it on level 1 of
                  | the Dungeon)
   914 | D:1      | Acquired the ring of Mexzow {rN+ MP+9}
   920 | D:1      | Gained mutation: You have sharp fingernails. [potion of
                  | mutation]
   920 | D:1      | Gained mutation: You are clumsy. (Dex -2) [potion of
                  | mutation]
   920 | D:1      | Gained mutation: You sometimes lose your temper in combat.
                  | [potion of mutation]
  1037 | D:2      | Reached XP level 3. HP: 25/25 MP: 6/6
  1733 | D:2      | Reached XP level 4. HP: 34/34 MP: 7/7
  2318 | D:3      | Reached XP level 5. HP: 30/39 MP: 8/8
  3262 | D:4      | Reached XP level 6. HP: 42/47 MP: 10/10
  3689 | D:5      | Entered Level 5 of the Dungeon
  3754 | D:5      | Noticed Eustachio
  3781 | D:5      | Killed Eustachio
  3782 | D:5      | Reached XP level 7. HP: 23/52 MP: 11/11
  3981 | D:5      | Reached skill level 1 in Armour
  4137 | D:5      | HP: 3/79 [poisoned by a scorpion]
  4140 | D:5      | HP: 1/53 [poisoned by a scorpion]
  4141 | D:5      | Succumbed to a scorpion's poison

Illustrated notes

Levels and vault maps discovered:
D:1:      minmay_arrival_four_loops, layout_loops_corners
D:2:      layout_basic
D:3:      layout_loops_cross, st_stairs_9, grunt_ministairs_14,
          nicolae_kite_square_tiling_tiny, dk_noncrumbling_2, dk_noncrumbling_3
D:4:      layout_gridville, minmay_misc_feat_encased
D:5:      layout_loops_ring, temple_pool_b, gammafunk_ghost_nasty_kobolds,
          uniq_sigmund, uniq_menkaure, uniq_eustachio

Skill      XL: |  1  2  3  4  5  6  7 |
---------------+----------------------+-----
Fighting       | 3 |  3.8
Dodging        | 3 |  3.8
Spellcasting   | 3 |  3.4
Conjurations   | 4 |  4.3
Axes           | 4 |  4.3
Armour         | 1 |  1.5

Action                     |  1- 3 |  4- 6 |  7- 9 || total
---------------------------+-------+-------+-------++-------
  Melee: Hand axe          |   128 |   211 |    42 ||   381
         Punch             |       |     3 |       ||     3
   Cast: Kiss of Death     |     1 |       |       ||     1
  Evoke: Wand              |       |     1 |       ||     1
    Use: Potion            |     5 |     4 |     3 ||    12
         Scroll            |     5 |     3 |       ||     8
 Armour: Leather armour    |    71 |    16 |       ||    87
         Ring mail         |       |   120 |    50 ||   170
  Dodge: Dodged            |    75 |   138 |    29 ||   242
  Block: Other             |    33 |    70 |    15 ||   118
         Reflection        |     1 |     1 |     2 ||     4

Table legend: (Time is in decaauts)
 A = Elapsed time spent in this place.
 B = Non-inter-level travel time spent in this place.
 C = Inter-level travel time spent in this place.
 D = Time resting spent in this place.
 E = Time spent auto-exploring this place.
 F = Levels seen in this place.
 G = Mean time per level.
                   A        B        C        D        E       F      G
               +--------+--------+--------+--------+--------+-----+--------+
         Total |   4246 |   4119 |    127 |      0 |   2919 |   5 |  849.2 |
       Dungeon |   4246 |   4119 |    127 |      0 |   2919 |   5 |  849.2 |
               +--------+--------+--------+--------+--------+-----+--------+

Top non-repeatable levels by time:
     D:1: 1018 daAuts
     D:2: 979 daAuts
     D:3: 950 daAuts
     D:4: 826 daAuts
     D:5: 471 daAuts
